 Dungeon Crawl Stone Soup version 0.31.0-32-g396128a36d (webtiles) character file.

Game seed: 12999075836813826814

2660 firemarshallily the Fighter (level 9, -2/76 HPs)
             Began as a Demonspawn Gladiator on Mar 31, 2024.
             Slain by Maggie
             ... wielding the +9 lance "Wyrmbane" {slay drac, rPois rF+ rC+ AC+3}
              (11 damage)
             ... on level 7 of the Dungeon.
             The game lasted 00:13:43 (5910 turns).

firemarshallily the Fighter (Demonspawn Gladiator)  Turns: 5910, Time: 00:13:44

Health: -2/76      AC: 10    Str: 29    XL:     9   Next: 36%
Magic:  9/9        EV: 12    Int:  7    God:
Gold:   319        SH:  0    Dex: 14    Spells: 8/8 levels left

rFire   . . .        a - +0 war axe
rCold   . . .        (no shield)
rNeg    . . .        n - +2 leather armour of Hedonism {rElec Slay+3}
rPois   .            (helmet restricted)
rElec   +            y - +0 cloak
rCorr   .            f - +0 pair of gloves
SInv    .            (no boots)
Will    .....        (no amulet)
Stlth   +            q - ring of flight
HPRegen 0.32/turn    p - +6 ring of strength
MPRegen 0.11/turn

%: no passive effects
@: mighty, flying, mesmerised, studying Spellcasting
A: horns 1, powered by death 1, condensation shield, weakness stinger 1,
iridescent scales 1, strong 1, wild magic 1
a: no special abilities


You were on level 7 of the Dungeon.
You visited 2 branches of the dungeon, and saw 8 of its levels.
You also visited: Sewer.

You collected 319 gold pieces.

Inventory:

Hand Weapons
 a - a +0 war axe (weapon)
Missiles
 d - 4 throwing nets
 e - a javelin
 g - 14 poisoned darts (quivered)
 i - 6 boomerangs
Armour
 f - a +0 pair of gloves (worn)
 n - the +2 leather armour of Hedonism (worn) {rElec Slay+3}
   (You found it on level 2 of the Dungeon)

   Slay+3:    It affects your accuracy & damage with ranged weapons and melee
   (+3).
   rElec:     It insulates you from electricity.
 y - a +0 cloak (worn)
Jewellery
 p - a +6 ring of strength (right hand)
 q - a ring of flight (left hand)
 x - a +6 ring of intelligence
Scrolls
 b - a scroll of poison {unknown}
 c - 4 scrolls of teleportation
 h - a scroll of fear {unknown}
 j - 2 scrolls of enchant armour
 k - 2 scrolls of identify
 o - a scroll of brand weapon {unknown}
 r - a scroll of immolation {unknown}
 s - 2 scrolls of amnesia {unknown}
Potions
 l - 4 potions of mutation
 m - 2 potions of heal wounds {unknown}
 t - a potion of attraction {unknown}
 u - 2 potions of cancellation {unknown}
 v - 2 potions of magic {unknown}
 w - a potion of brilliance {unknown}
 z - 2 potions of might
 A - a potion of degeneration {unknown}


   Skills:
 * Level 9.3 Fighting
 + Level 6.5 Axes
 - Level 1.7 Throwing
 + Level 5.7 Armour
 - Level 2.6 Dodging


You had 8 spell levels left.
You didn't know any spells.
Your spell library contained the following spells:

 Spells                   Type           Power      Damage    Failure   Level
 Shock                    Conj/Air       0%         1d3       54%         1
 Blink                    Tloc           0%         N/A       69%         2
 Lesser Beckoning         Tloc           0%         N/A       69%         2
 Momentum Strike          Conj/Tloc      0%         3d8       69%         2
 Frozen Ramparts          Ice            0%         1d1       88%         3
 Swiftness                Air            0%         N/A       88%         3
 Airstrike                Air            0%         2d(0-16)  99%         4
 Leda's Liquefaction      Alch/Erth      0%         N/A       99%         4
 Petrify                  Alch/Erth      0%         N/A       99%         4
 Metabolic Englaciation   Hex/Ice        0%         N/A       100%        5


Dungeon Overview and Level Annotations

Branches:
Dungeon (7/15)             Temple (1/1) D:6           Sewer (visited)

Altars:
Cheibriados
Dithmenos
Fedhas
Gozag
Hepliaklqana
Nemelex Xobeh
Okawaru
Ru
Sif Muna
Trog
Vehumet
Yredelemnul

Annotations:
D:7 Maggie


Innate Abilities, Weirdness & Mutations

You have a pair of small horns on your head.
You regenerate a little health from kills.
A meltable shield of frost defends you. (SH +0)
You have a small tail.
You are partially covered in iridescent scales. (AC +2)
Your muscles are strong. (Str +4, Int/Dex -1)
Your spells are a little harder to cast, but a little more powerful.


Message History

Maggie mumbles some strange words.
Maggie attempts to bespell you!
You are mesmerised by Maggie!
You block Maggie's attack.
You hit Maggie. You tail-slap Maggie!
Maggie is moderately wounded.
A bullfrog comes into view.
You block Maggie's attack.
You barely miss Maggie.
The bullfrog croaks.
You headbutt Maggie.
Your tail-slap misses Maggie.
Maggie is moderately wounded.
Maggie casts a spell at you. The bolt of fire hits you!!
Your condensation shield dissipates!
Maggie hits you with the +9 lance "Wyrmbane" {slay drac, rPois rF+ rC+ AC+3}.
You hit Maggie but do no damage.
Maggie is moderately wounded.
Maggie gestures wildly while chanting.
Maggie draws you further into her thrall.
You hit Maggie but do no damage.
Maggie is moderately wounded.
Maggie gestures at you while chanting. The bolt of fire hits you!!
Unknown command.
You slash Maggie! You headbutt Maggie, but do no damage.
Your tail-slap misses Maggie.
Maggie is heavily wounded.
Maggie says, "If you die in the Dungeon, but nobody's around to see it, does it really matter?"
Maggie hits you with the +9 lance "Wyrmbane" {slay drac, rPois rF+ rC+ AC+3}!
* * * LOW HITPOINT WARNING * * *
It was a potion of mutation.
You feel extremely strange.
Iridescent scales grow over part of your body.
You feel stronger.
You feel less in control of your magic.
Maggie hits you with the +9 lance "Wyrmbane" {slay drac, rPois rF+ rC+ AC+3}.
* * * LOW HITPOINT WARNING * * *
It was a potion of might.
You feel very mighty all of a sudden.
Maggie hits you with the +9 lance "Wyrmbane" {slay drac, rPois rF+ rC+ AC+3}!
You die...

#....#.# ##†.....#
........#..# ......
...........# ####...#@#
...........#####.#.......
.................#....#.#
...##....##..###.#.....#
... #....###.###.#.....#
.. ####.# #....@#.....#
#. ####..@.(...#
##.......# #........#
#.#....... #.#.....#.
#.#.###..) ..#.# ...
#.#.# ..


You could see Maggie (mesmerising, poisoned).

Vanquished Creatures
  A shadow (D:6)
  Pargi (Sewer)
  3 ice beasts
  2 sky beasts (D:6)
  A black bear (D:6)
  2 ogres (D:5)
  A phantom (D:6)
  A bullfrog (D:7)
  Blork the orc (D:4)
  A brain worm (Sewer)
  3 scorpions
  A killer bee (D:7)
  A howler monkey (D:6)
  2 bombardier beetles (D:4)
  6 hounds
  6 jellies
  Crazy Yiuf (D:6)
  3 orc priests
  5 iguanas
  3 orc wizards
  Terence (D:2)
  10 adders
  17 gnolls
  2 shadow imps (D:6)
  A white imp (D:6)
  2 ufetubi (D:7)
  3 dart slugs
  2 ribbon worms
  7 orcs
  6 endoplasms
  7 giant cockroaches
  9 goblins
  8 hobgoblins
  14 jackals
  3 quokkas
  15 ball pythons
  8 bats
  9 frilled lizards
  6 kobolds
  4 rats
179 creatures vanquished.

Notes
Turn   | Place    | Note
-------+----------+-------------------------------------------
     0 | D:1      | firemarshallily the Demonspawn Gladiator began the quest
                  | for the Orb.
     0 | D:1      | Reached XP level 1. HP: 16/16 MP: 1/1
   138 | D:1      | Discovered your monstrous ancestry.
   138 | D:1      | Gained mutation: You have a pair of small horns on your
                  | head. [demonic ancestry]
   138 | D:1      | Reached XP level 2. HP: 22/22 MP: 2/2
  1145 | D:2      | Reached XP level 3. HP: 28/28 MP: 3/3
  1148 | D:2      | Reached skill level 1 in Armour
  1283 | D:2      | Reached skill level 3 in Fighting
  1315 | D:2      | Noticed Terence
  1325 | D:2      | Killed Terence
  1365 | D:2      | Reached XP level 4. HP: 32/35 MP: 4/4
  1389 | D:2      | Identified the +2 leather armour of Hedonism {rElec Slay+3}
  1840 | D:3      | Found a shadowy altar of Dithmenos.
  2114 | D:3      | Gained mutation: You regenerate a little health from kills.
                  | [demonic ancestry]
  2114 | D:3      | Reached XP level 5. HP: 42/42 MP: 5/5
  2463 | D:3      | Reached skill level 4 in Fighting
  2597 | D:4      | Gained mutation: A meltable shield of frost defends you.
                  | (SH +0) [demonic ancestry]
  2597 | D:4      | Reached XP level 6. HP: 18/49 MP: 6/6
  2834 | D:4      | Reached skill level 5 in Fighting
  3140 | D:4      | Reached XP level 7. HP: 56/56 MP: 7/7
  3217 | D:4      | Noticed Blork the orc
  3225 | D:4      | Killed Blork the orc
  3588 | D:5      | Entered Level 5 of the Dungeon
  3790 | D:5      | Found a basalt altar of Yredelemnul.
  3888 | D:5      | Reached skill level 6 in Fighting
  4037 | D:5      | Found a hazy altar of Hepliaklqana.
  4130 | D:5      | Reached skill level 5 in Axes
  4154 | D:5      | Reached XP level 8. HP: 52/65 MP: 8/8
  4155 | D:5      | Reached skill level 7 in Fighting
  4836 | D:6      | Found a glowing drain.
  4882 | D:6      | Found a staircase to the Ecumenical Temple.
  4902 | Temple   | Entered the Ecumenical Temple
  4921 | D:6      | Found a snail-covered altar of Cheibriados.
  4957 | Sewer    | Entered a sewer
  5054 | Sewer    | Noticed Pargi
  5063 | Sewer    | Killed Pargi
  5064 | Sewer    | Reached skill level 8 in Fighting
  5247 | D:6      | Identified the +6 spear of Cuzecag {venom, rElec}
  5273 | D:6      | Reached skill level 5 in Armour
  5283 | D:6      | Gained mutation: You have a small tail. [demonic ancestry]
  5283 | D:6      | Reached XP level 9. HP: 66/75 MP: 9/9
  5415 | D:6      | Found a sacrificial altar of Ru.
  5463 | D:6      | Reached skill level 9 in Fighting
  5560 | D:6      | Found a runed translucent door.
  5561 | D:6      | Noticed Crazy Yiuf
  5567 | D:6      | Killed Crazy Yiuf
  5893 | D:7      | Noticed Maggie
  5909 | D:7      | Gained mutation: You are partially covered in iridescent
                  | scales. (AC +2) [potion of mutation]
  5909 | D:7      | Gained mutation: Your muscles are strong. (Str +4, Int/Dex
                  | -1) [potion of mutation]
  5909 | D:7      | Gained mutation: Your spells are a little harder to cast,
                  | but a little more powerful. [potion of mutation]
  5910 | D:7      | Slain by Maggie

Illustrated notes

Levels and vault maps discovered:
D:1:      kennysheep_arrival_seaside, layout_loops_ring, serial_forest,
          infiniplex_forest_straight_4, infiniplex_forest_clump_cross,
          infiniplex_forest_lined_corner, infiniplex_forest_end_3,
          infiniplex_forest_lined_1, infiniplex_forest_lined_corner,
          infiniplex_forest_straight_4, infiniplex_forest_pool,
          infiniplex_forest_clump_long
D:2:      kennysheep_the_goblin_king, layout_rooms, uniq_terence
D:3:      layout_loops_ring, nicolae_dithmenos_through_a_glass_darkly,
          chequers_serial_rivers_micro_c, minmay_misc_feat_ornament,
          patterned_corridor
D:4:      layout_cave_pods, uniq_blork_the_orc
D:5:      layout_cave_pods, nicolae_hepliaklqana_hazy_memory,
          yredelemnul_altar_generic, serial_glass, glass_columns_b,
          glass_columns_c
D:6:      layout_rooms, cheibrodos_worm_habitat, nicolae_overflow_hidden_temple,
          minmay_temple_entry_tees, cheibrodos_sewer_entry_sluice,
          hangedman_feature_mirror, minmay_manual_monstrance,
          uniq_crazy_yiuf_cottage
D:7:      layout_basic, st_stairs_8, eino_jars, uniq_maggie, uniq_jeremiah
Temple:   nicolae_temple_colour_theory

Skill      XL: |  1  2  3  4  5  6  7  8  9 |
---------------+----------------------------+-----
Axes           | 3 4 5 6 |  6.5
Armour         | 1 2 3 4 5 |  5.7
Fighting       | 3 4 5 6 8 9 |  9.3
Throwing       | |  1.7
Dodging        | |  2.6

Action                     |  1- 3 |  4- 6 |  7- 9 || total
---------------------------+-------+-------+-------++-------
  Melee: War axe           |   290 |   140 |   207 ||   637
         Headbutt          |    84 |    25 |    43 ||   152
         Punch             |     2 |     2 |     2 ||     6
         Tailslap          |       |       |     5 ||     5
  Throw: Dart              |     3 |       |     3 ||     6
    Use: Potion            |       |     2 |     2 ||     4
         Scroll            |       |       |     4 ||     4
   Stab: Sleeping          |     3 |     1 |       ||     4
 Armour: Leather armour    |    24 |    83 |   147 ||   254
         Ring mail         |    11 |     7 |       ||    18
  Dodge: Dodged            |    38 |    91 |   135 ||   264
  Block: Other             |       |    10 |    34 ||    44
